 Dungeon Crawl Stone Soup version 0.28.0 (webtiles) character file.

Game seed: 17244321155555292715

7637 funkygono the Arsonist (level 11, -1/56 HPs)
             Began as a Gargoyle Fire Elementalist on Feb 14, 2022.
             Was a Believer of Vehumet.
             Killed by divine providence
             ... invoked by an orc priest
              (15 damage)
             ... on level 11 of the Dungeon.
             The game lasted 00:19:41 (11780 turns).

funkygono the Arsonist (GrFE)                      Turns: 11780, Time: 00:19:42

Health: -1/56      AC: 19    Str: 12    XL:     11   Next: 18%
Magic:  24/24      EV: 11    Int: 20    God:    Vehumet [**....]
Gold:   681        SH:  0    Dex: 10    Spells: 8/29 levels left

rFire   + + .      SeeInvis .   D - +3 flail (protect)
rCold   + . .      Faith    .   (no shield)
rNeg    + . .      Spirit   .   x - +2 acid dragon scales
rPois   ∞          Reflect  .   (no helmet)
rElec   +          Harm     .   e - scarf {+Inv}
rCorr   +          Rampage  .   r - +0 pair of gloves
Will    .....                   u - +0 pair of boots
Stlth   +.........              i - amulet of the acrobat
HPRegen 0.18/turn               z - ring of fire
MPRegen 0.19/turn               j - ring of Day {Wiz rF+ rC++}

@: no status effects
A: sickness immunity, AC +8, negative energy resistance 1, electricity
resistance, torment resistance 1, petrification resistance
a: Renounce Religion, Evoke Invisibility


You were on level 11 of the Dungeon.
You worshipped Vehumet.
Vehumet was pleased with you.
You visited 2 branches of the dungeon, and saw 12 of its levels.

You collected 681 gold pieces.

Inventory:

Hand Weapons
 h - a +0 whip
 D - a +3 flail of protection (weapon)
 F - the +8 dagger of the Abyss {vorpal, rC+ Dex+2}
   (You found it on level 10 of the Dungeon)

   It inflicts extra damage upon your enemies.
   Dex:       It affects your dexterity (+2).
   rC:        It protects you from cold.
Missiles
 d - 314 stones
Armour
 a - a +0 robe
 e - a scarf of invisibility (worn)
 l - a +0 leather armour
 r - a +0 pair of gloves (worn)
 t - a +2 leather armour of willpower
 u - a +0 pair of boots (worn)
 w - the -6 cloak of Feargh {rC+ Dex+4 Stlth+}
   (You found it on level 6 of the Dungeon)

   Dex:       It affects your dexterity (+4).
   rC:        It protects you from cold.
   Stlth:     It makes you more stealthy.
 x - +2 acid dragon scales (worn)
Jewellery
 g - a +6 ring of intelligence
 i - an amulet of the acrobat (around neck)
 j - the ring of Day (right hand) {Wiz rF+ rC++}
   (You found it on level 6 of the Dungeon)

   [ring of wizardry]

   It improves your spell success rate.
   rF:        It protects you from fire.
   rC:        It greatly protects you from cold.
 k - a ring of positive energy
 z - a ring of fire (left hand)
 B - a ring of positive energy
 H - a ring of ice
Wands
 c - a wand of charming (4)
 m - a wand of polymorph (25)
 y - a wand of paralysis (9)
 A - a wand of digging (5)
Scrolls
 o - a scroll of blinking
 q - 2 scrolls of amnesia
 C - a scroll of identify
 G - a scroll of magic mapping
Potions
 b - 2 potions of ambrosia
 f - 2 potions of curing
 n - 3 potions of flight
 p - a potion of magic
 s - a potion of resistance
 v - 3 potions of mutation
 E - a potion of brilliance
 I - a potion of haste


   Skills:
 + Level 1.4 Fighting
 + Level 0.2 Maces & Flails
 + Level 3.7 Armour
 + Level 2.5 Dodging
 - Level 2.1 Stealth
 * Level 9.7 Spellcasting
 * Level 8.3 Conjurations
 * Level 9.8 Fire Magic
 * Level 1.2 Air Magic
 * Level 4.0 Earth Magic


You had 8 spell levels left.
You knew the following spells:

 Your Spells              Type           Power      Damage    Failure   Level
a - Foxfire               Conj/Fire      100%       2x1d9     1%          1
b - Scorch                Fire           100%       2d10      1%          2
c - Conjure Flame         Conj/Fire      62%        6-21      1%          3
d - Flame Wave            Conj/Fire      62%        2d12      1%          4
e - Sandblast             Erth           52%        2d12      1%          1
f - Static Discharge      Conj/Air       28%        N/A       1%          2
g - Shock                 Conj/Air       100%       1d9       1%          1
h - Swiftness             Air            14%        N/A       8%          3
i - Airstrike             Air            7%         N/A       24%         4

Your spell library contained the following spells:

 Spells                   Type           Power      Damage    Failure   Level
 Inner Flame              Hex/Fire       44%        N/A       1%          3
 Ignite Poison            Fire/Tmut/Pois 34%        N/A       3%          3
 Mephitic Cloud           Conj/Pois/Air  22%        N/A       3%          3
 Animate Skeleton         Necr           18%        N/A       4%          1
 Beastly Appendage        Tmut           18%        N/A       4%          1
 Pain                     Necr           36%        1d5       4%          1
 Slow                     Hex            36%        N/A       4%          1
 Corpse Rot               Necr/Air       24%        N/A       4%          2
 Poisonous Vapours        Pois/Air       24%        N/A       4%          2
 Blink                    Tloc           18%        N/A       6%          2
 Ensorcelled Hibernation  Hex/Ice        18%        N/A       6%          2
 Wereblood                Tmut           9%         N/A       6%          2
 Confusing Touch          Hex            9%         N/A       12%         3
 Frozen Ramparts          Ice            18%        1d3       12%         3
 Spider Form              Tmut/Pois      9%         N/A       12%         3
 Vampiric Draining        Necr           9%         2d6       12%         3
 Freezing Cloud           Conj/Ice/Air   11%        6-21      30%         5
 Anguish                  Hex/Necr       4%         N/A       38%         4
 Ice Form                 Ice/Tmut       9%         N/A       38%         4
 Summon Ice Beast         Ice/Summ       9%         N/A       38%         4
 Manifold Assault         Tloc           9%         N/A       71%         5
 Storm Form               Tmut/Air       6%         N/A       100%        7


Dungeon Overview and Level Annotations

Branches:
Dungeon (11/15)            Temple (1/1) D:6            Lair (0/6) D:11
    Orc: D:9-12

Altars:
Ashenzari
Cheibriados
Dithmenos
Elyvilon
Fedhas
Gozag
Hepliaklqana
Kikubaaqudgha
Makhleb
Nemelex Xobeh
Okawaru
Qazlal
Ru
Sif Muna
Trog
Uskayaw
Vehumet
Wu Jian
Xom
Yredelemnul
Zin
The Shining One
Jiyva

Shops:
D:2 (   D:3 =


Innate Abilities, Weirdness & Mutations

You are immune to sickness and miasma.
Your stone body is resilient. (AC +8)
You are immune to poison.
You resist negative energy. (rN+)
You are resistant to electric shocks. (rElec)
You are resistant to unholy torment.
You are immune to petrification.


Message History

Aim: an orc wizard, wielding a +1 dagger of venom and wearing a +0 robe (severely wounded, 67% to hit)
The zap hits the orc wizard!
You kill the orc wizard!
Vehumet accepts your kill.
Magic restored.
An orc, a warg and an orc wizard come into view.
The orc is wielding a +0 dagger and quivering boomerangs of dispersal.
Found a cloak.
Found a staircase to the Lair.
Things that are here:
a +1 dagger of venom; a +0 robe; an orc corpse
Casting: Shock (safe; 1% risk of failure)
Confirm with . or Enter, or press ? or * to list all spells.
You feel a surge of power!
You conjure some foxfire!
The orc wizard points at you and mumbles some strange words.
The magic dart hits you but does no damage.
The foxfire hits the orc wizard.
The orc wizard is moderately wounded.
An orc priest comes into view.
It is wielding a +0 whip and wearing a +0 chain mail of fire resistance.
Your foxfire dissipates!
The orc priest mumbles some strange prayers to Beogh against you.
Beogh smites you!
The orc priest casts a cantrip, but nothing happens.
Casting: Foxfire (safe; 1% risk of failure)
Confirm with . or Enter, or press ? or * to list all spells.
You feel a surge of power!
You conjure some foxfire!
The warg bites you.
The orc wizard mumbles some strange words.
The orc wizard flickers and vanishes!
Deactivating autopickup; reactivate with Ctrl-A.
The foxfire hits the warg but does no damage. x2
The warg bites you. The warg completely misses you.
The orc priest invokes the aid of Beogh against you.
Beogh smites you! The warg bites you!
* * * LOW HITPOINT WARNING * * *
The warg misses you.
There is a stone staircase leading up here.
The warg barely misses you.
The orc priest invokes the aid of Beogh against you.
Beogh smites you!
You die...

#.# #.# #######.#
#########o...o..#
#.)...o...####..#
#.#######.# #..#
.o. #<# #..#


oo. ######.h# ... #.......@# ... ..######## ..> ... You could see a warg and an
orc priest.

Vanquished Creatures
  A two-headed ogre (D:8)
  2 centaur zombies
  A vampire (D:10)
  Eustachio (D:5)
  16 yaks
  2 steam dragons
  An acid dragon (D:8)
  2 water moccasins
  An orc warrior (D:9)
  A sky beast (D:7)
  An ogre (D:7)
  An ice beast (D:6)
  A necrophage (D:4)
  5 centaurs
  3 phantoms
  4 kobold brigands
  3 bullfrogs
  2 scorpions
  A gnoll sergeant (D:8)
  A wyvern skeleton (D:6)
  A water moccasin skeleton (D:6)
  15 killer bees
  3 wights (D:6)
  A bullfrog zombie (D:7)
  3 hounds
  6 jellies
  A centaur skeleton (D:7)
  2 orc priests
  Ijyb (D:5)
  4 orc wizards
  5 iguanas
  A hound skeleton (D:5)
  A howler monkey zombie (D:9)
  11 gnolls
  6 adders
  A shadow imp (D:6)
  A white imp (D:7)
  A worm (D:4)
  2 dart slugs
  13 orcs
  7 bats
  9 endoplasms
  2 giant cockroaches (D:4)
  7 goblins
  9 hobgoblins
  13 kobolds
  3 quokkas (D:2)
  5 ball pythons
  8 frilled lizards
  3 rats
  A spectral orc (D:6)
  2 butterflies (D:6)
198 creatures vanquished.

Vanquished Creatures (collateral kills)
  2 foxfires
2 creatures vanquished.

Vanquished Creatures (others)
  740 foxfires
  6 plants (D:6)
746 creatures vanquished.

Grand Total: 946 creatures vanquished

Notes
Turn   | Place    | Note
-------+----------+-------------------------------------------
     0 | D:1      | funkygono the Gargoyle Fire Elementalist began the quest
                  | for the Orb.
     0 | D:1      | Reached XP level 1. HP: 10/10 MP: 3/3
   112 | D:1      | Reached XP level 2. HP: 15/15 MP: 1/5
   115 | D:1      | Learned a level 2 spell: Scorch
   188 | D:1      | Found a faded altar of an unknown god.
   787 | D:2      | Reached XP level 3. HP: 19/19 MP: 0/6
   791 | D:2      | Learned a level 3 spell: Conjure Flame
  1119 | D:2      | Found Wirph's Weapon Emporium.
  1665 | D:3      | Found Zugud's Jewellery Shoppe.
  1771 | D:3      | Reached XP level 4. HP: 11/24 MP: 3/7
  1974 | D:3      | Reached XP level 5. HP: 28/28 MP: 6/9
  2377 | D:3      | Learned a level 4 spell: Flame Wave
  2589 | D:3      | Reached XP level 6. HP: 26/32 MP: 1/11
  2748 | D:3      | Reached skill level 5 in Fire Magic
  2935 | D:4      | Noticed a necrophage
  2944 | D:4      | Killed a necrophage
  3447 | D:4      | Found a burning altar of Makhleb.
  3717 | D:4      | Reached XP level 7. HP: 35/36 MP: 2/12
  4127 | D:5      | Entered Level 5 of the Dungeon
  4155 | D:5      | Found a stormy altar of Qazlal.
  4307 | D:5      | Noticed Eustachio
  4328 | D:5      | Killed Eustachio
  4620 | D:5      | Found a radiant altar of Vehumet.
  4624 | D:5      | Reached XP level 8. HP: 42/42 MP: 10/15
  4773 | D:5      | Became a worshipper of Vehumet
  4825 | D:5      | Noticed Ijyb
  4832 | D:5      | Killed Ijyb
  4833 | D:5      | Reached skill level 5 in Spellcasting
  5505 | D:6      | Noticed a yak
  5507 | D:6      | Noticed a yak
  5512 | D:6      | Killed a yak
  5512 | D:6      | Noticed a yak
  5513 | D:6      | Reached skill level 5 in Conjurations
  5528 | D:6      | Killed a yak
  5529 | D:6      | Killed a yak
  6061 | D:6      | Reached skill level 1 in Fighting
  6061 | D:6      | Reached XP level 9. HP: 33/47 MP: 6/18
  6066 | D:6      | Reached skill level 1 in Armour
  6233 | D:6      | Found a basalt altar of Yredelemnul.
  6300 | D:6      | Identified the ring of Day {Wiz rF+ rC++}
  6471 | D:6      | Found a shadowy altar of Dithmenos.
  6642 | D:6      | Found a staircase to the Ecumenical Temple.
  6645 | D:6      | Identified the -6 cloak of Feargh {rC+ Dex+4 Stlth+}
  6652 | Temple   | Entered the Ecumenical Temple
  7101 | D:6      | Found an ornate altar of the Wu Jian Council.
  8328 | D:7      | Reached * piety under Vehumet
  8328 | D:7      | Offered knowledge of Sandblast by Vehumet.
  8335 | D:7      | Reached XP level 10. HP: 52/52 MP: 5/21
  8621 | D:7      | Learned a level 1 spell: Sandblast
  8701 | D:8      | Noticed a two-headed ogre
  8732 | D:8      | Killed a two-headed ogre
  8733 | D:8      | Reached skill level 1 in Earth Magic
  9187 | D:8      | Found an ancient bone altar of Kikubaaqudgha.
  9187 | D:8      | Found a sparkling altar of Nemelex Xobeh.
  9188 | D:8      | Found a glowing golden altar of the Shining One.
  9917 | D:9      | Offered knowledge of Static Discharge by Vehumet.
  9917 | D:9      | Reached ** piety under Vehumet
 10629 | D:9      | Found a shimmering altar of Xom.
 10629 | D:9      | Found a faded altar of an unknown god.
 10635 | D:9      | Found a glowing silver altar of Zin.
 10637 | D:9      | Found a faded altar of an unknown god.
 10639 | D:9      | Found a broken altar of Ashenzari.
 10721 | D:9      | Learned a level 2 spell: Static Discharge
 10723 | D:9      | Learned a level 1 spell: Shock
 10727 | D:9      | Learned a level 3 spell: Swiftness
 10732 | D:9      | Learned a level 4 spell: Airstrike
 10739 | D:10     | Entered Level 10 of the Dungeon
 10743 | D:10     | Identified the +8 dagger of the Abyss {vorpal, rC+ Dex+2}
 10799 | D:10     | Reached skill level 1 in Air Magic
 10955 | D:10     | Reached XP level 11. HP: 56/56 MP: 16/24
 11704 | D:11     | Found a stormy altar of Qazlal.
 11759 | D:11     | Found a staircase to the Lair.
 11780 | D:11     | Killed from afar by an orc priest

Illustrated notes

Levels and vault maps discovered:
D:1:      dpeg_arrival_ternary, layout_rooms, basic_ecumenical_altar,
          minmay_misc_feat_encased
D:2:      layout_loops_ring, serial_shops, nicolae_shop_bloodbath_and_beyond,
          minmay_strange_pillars
D:3:      layout_basic, serial_shops, nicolae_diamond_shop, chequers_mini_garden
D:4:      layout_gridville, mainiacjoe_overflow_paths, minmay_misc_feat_iff,
          minivault_23
D:5:      layout_cave_pods, mainiacjoe_overflow_cross_hatched,
          kennysheep_diamond, minmay_curled_crystal, amcnicky_mini_pool_small,
          uniq_eustachio, uniq_ijyb
D:6:      layout_cave_pods, yredelemnul_forgotten_temple_becter,
          nicolae_dithmenos_the_darkroom, nicolae_wu_jian_immortal_techniques,
          minmay_temple_entry_butterflies, serial_bayou_crossing
D:7:      layout_cave_pods, st_stairs_4, grunt_ministairs_2,
          minmay_unpleasant_kobolds
D:8:      layout_rooms, chequers_temple_overflow_statue_of_worship, minivault_1,
          minivault_5
D:9:      layout_stronghold, chequers_temple_overflow_minitemple,
          kennysheep_minor_cross, nicolae_straight_to_the_point
D:10:     layout_loops_ring
D:11:     layout_basic, erik_lair_orcish_takeover, orc_0_dummy,
          nicolae_qazlal_style_of_elements, uniq_maurice, uniq_urug,
          uniq_erolcha
Temple:   pf_slime_end_temple

Skill      XL: |  1  2  3  4  5  6  7  8  9 10 11 |
---------------+----------------------------------+-----
Fire Magic     | 4 5 6 7 8 9 |  9.8
Conjurations   | 2 3 4 5 7 8 |  8.3
Spellcasting   | 3 4 6 7 9 |  9.7
Dodging        | 2 |  2.5
Fighting       | 1 |  1.4
Armour         | 2 3 |  3.7
Earth Magic    | 3 4 |  4.0
Air Magic      | 1 |  1.2
Maces & Flails | |  0.2
Stealth        | |  2.1

Action                   |  1- 3 |  4- 6 |  7- 9 | 10-12 || total
-------------------------+-------+-------+-------+-------++-------
Melee: Whip              |       |     1 |     4 |     3 ||     8
       Flail             |       |       |       |     8 ||     8
       Punch             |       |       |       |     1 ||     1
 Cast: Foxfire           |    51 |    93 |   181 |   100 ||   425
       Scorch            |     4 |     4 |    22 |    22 ||    52
       Conjure Flame     |       |     1 |     1 |       ||     2
       Flame Wave        |       |       |     4 |    12 ||    16
       Shock             |       |       |       |     2 ||     2
  Use: Potion            |       |       |     1 |     1 ||     2
       Scroll            |       |       |    10 |     9 ||    19
Armor: Robe              |     4 |     2 |    20 |       ||    26
       Leather armour    |       |       |    16 |     2 ||    18
       Acid dragon scale |       |       |       |    20 ||    20
Dodge: Dodged            |     5 |    13 |    56 |    62 ||   136
